 Dungeon Crawl Stone Soup version 0.30-a0-341-g682706514a (webtiles) character file.

Game seed: 16524807347065759110

687 Elric the Cutter (level 7, -15/28 (36) HPs)
             Began as a Kobold Enchanter on Nov 2, 2022.
             Demolished by an ogre
             ... wielding a +0 giant club
              (28 damage)
             ... on level 4 of the Dungeon.
             The game lasted 00:10:54 (3641 turns).

Elric the Cutter (Kobold Enchanter)                 Turns: 3641, Time: 00:10:54

HP:   -15/28 (36)   AC:  2    Str:  5    XL:     7   Next: 94%
MP:   5/10          EV: 15    Int: 17    God:
Gold: 113           SH:  0    Dex: 17    Spells: 8/10 levels left

rFire   . . .      SeeInvis .    t - +2 dagger (drain)
rCold   . . .      Faith    .    (no shield)
rNeg    . . .      Spirit   .    b - +0 robe
rPois   .          Reflect  .    (no helmet)
rElec   .          Harm     .    w - scarf {+Inv}
rCorr   .          Rampage  .    (no gloves)
Will    .....                    (no boots)
Stlth   +++++.....               (no amulet)
HPRegen 0.24/turn                (no ring)
MPRegen 0.12/turn                (no ring)

@: heavily drained
A: small, no large weapons, nightstalker 3
a: Evoke Invisibility


You were on level 4 of the Dungeon.
You visited 1 branch of the dungeon, and saw 4 of its levels.
You also visited: Sewer.

You collected 113 gold pieces.

Inventory:

Hand Weapons
 a - a +1 dagger
 t - a +2 dagger of draining (weapon)
Armour
 b - a +0 robe (worn)
 w - a scarf of invisibility (worn)
 y - a +0 cloak
Scrolls
 f - a scroll of brand weapon {unknown}
 k - a scroll of noise {unknown}
 l - a scroll of enchant armour {unknown}
 m - 5 scrolls of identify {unknown}
 n - 7 scrolls of teleportation {unknown}
 p - 2 scrolls of enchant weapon {unknown}
 r - a scroll of silence {unknown}
 v - a scroll of torment {unknown}
Potions
 c - 2 potions of invisibility
 d - a potion of flight {unknown}
 e - 2 potions of curing {unknown}
 g - 3 potions of heal wounds
 h - a potion of resistance {unknown}
 i - a potion of lignification {unknown}
 j - a potion of ambrosia {unknown}
 o - a potion of brilliance {unknown}
 q - 2 potions of magic {unknown}
 s - a potion of might {unknown}
 u - 3 potions of cancellation {unknown}
 x - a potion of berserk rage {unknown}
 z - a potion of degeneration {unknown}


   Skills:
 * Level 7.6 Short Blades
 - Level 2.4 Dodging
 + Level 7.0 Stealth
 - Level 2.1 Spellcasting
 + Level 5.0 Hexes


You had 8 spell levels left.
You knew the following spells:

 Your Spells              Type           Power      Damage    Failure   Level
a - Ensorcelled Hibernat  Hex/Ice        20%        N/A       11%         2

Your spell library contained the following spells:

 Spells                   Type           Power      Damage    Failure   Level
 Confusing Touch          Hex            18%        N/A       8%          3
 Tukima's Dance           Hex            18%        N/A       8%          3
 Dazzling Flash           Conj/Hex       20%        N/A       21%         3
 Summon Guardian Golem    Hex/Summ       10%        N/A       21%         3
 Summon Ice Beast         Ice/Summ       1%         N/A       88%         4
 Summon Mana Viper        Hex/Summ       10%        N/A       88%         5
 Monstrous Menagerie      Summ           0%         N/A       100%        7
 Orb of Destruction       Conj           0%         9d5       100%        7
 Spellforged Servitor     Conj/Summ      0%         N/A       100%        7


Dungeon Overview and Level Annotations

Branches:
Dungeon (4/15)              Sewer (visited)
 Temple: D:4-7

Altars:
Wu Jian

Shops:
D:2 *?[


Innate Abilities, Weirdness & Mutations

You are small and have problems with some larger weapons.
You are completely attuned to the shadows.


Message History

Found a stone staircase leading down.
There is an open door here.
An ogre comes into view. It is wielding a +0 giant club.
The ogre shouts!
You feel drained.
You fail to use your ability.
You feel drained.
You fail to use your ability.
The ogre misses you. The ogre attacks as you move away!
The ogre closely misses you.
There is an open door here.
Okay, then.
Casting: Ensorcelled Hibernation (safe; 11% risk of failure)
Confirm with . or Enter, or press ? or * to list all spells.
Aiming: Ensorcelled Hibernation (safe; 11% risk of failure)
Press: ? - help, Shift-Dir - straight line, f - ogre
Aim: an ogre, wielding a +0 giant club (chance to affect: 44%)
You miscast Ensorcelled Hibernation.
You are very lightly contaminated with residual magic.
Nothing appears to happen.
The ogre barely misses you.
There is an open door here.
The ogre attacks as you move away! The ogre hits you with a +0 giant club!
Ouch! That really hurt!
Casting: Ensorcelled Hibernation (safe; 11% risk of failure)
Confirm with . or Enter, or press ? or * to list all spells.
Aiming: Ensorcelled Hibernation (safe; 11% risk of failure)
Press: ? - help, Shift-Dir - straight line, f/p - ogre
Aim: an ogre, wielding a +0 giant club (chance to affect: 44%)
The ogre resists with some effort.
The ogre attacks as you move away! The ogre misses you.
The ogre attacks as you move away! The ogre closely misses you.
Your magical contamination has completely faded away.
Casting: Ensorcelled Hibernation (safe; 11% risk of failure)
Confirm with . or Enter, or press ? or * to list all spells.
Aiming: Ensorcelled Hibernation (safe; 11% risk of failure)
Press: ? - help, Shift-Dir - straight line, f/p - ogre
Aim: an ogre, wielding a +0 giant club (chance to affect: 44%)
The ogre resists with some effort.
The ogre attacks as you move away!
The ogre hits you with a +0 giant club!!
Ouch! That really hurt!
You die...

≈≈≈..~~~####....##.....#~~~≈≈~...
≈≈≈..≈≈~~~~...........~~~≈≈≈≈~...
~~~..≈≈≈≈≈~~~~~....~~~~≈≈≈≈~~....
.#~..~~≈≈≈≈≈≈≈~~~~~~≈≈≈≈≈~~~.....
.#8..8~~~~≈≈≈≈≈≈≈≈≈≈≈≈≈~~~.......
.#8..8...~~~~~≈≈≈≈≈≈~~~~#####....
'#.....######~~~~~~~~...#...'....
.#....##................#†..#....
..#....#.......O@.......#...#....
..#....+.....(..........#...#.)..
..+....#.........############....
.###...#.........# #.... .#
#...####'###### #....
..>...#.......# #....
......'.......# #....
......#>......# #....
+##..###.....## #....


You could see an ogre.

Vanquished Creatures
  Sigmund (D:3)
  A black bear (D:4)
  3 kobold brigands (Sewer)
  2 scorpions
  3 adders
  A worm (D:3)
  4 dart slugs
  8 bats
  7 endoplasms
  2 giant cockroaches
  3 goblins
  3 hobgoblins
  24 kobolds
  3 quokkas
  7 ball pythons
  A ball python zombie (D:3)
  4 frilled lizards
  A giant cockroach zombie (D:3)
  9 rats
87 creatures vanquished.

Vanquished Creatures (others)
  5 fungi
  2 plants (D:2)
7 creatures vanquished.

Grand Total: 94 creatures vanquished

Notes
Turn   | Place    | Note
-------+----------+-------------------------------------------
     0 | D:1      | Elric the Kobold Enchanter began the quest for the Orb.
     0 | D:1      | Reached XP level 1. HP: 10/10 MP: 3/3
   169 | D:1      | Reached XP level 2. HP: 15/15 MP: 5/5
   659 | D:1      | Reached XP level 3. HP: 19/19 MP: 6/6
   665 | D:1      | Learned a level 2 spell: Ensorcelled Hibernation
   852 | D:2      | Found Uciyff's Magic Scroll Shop.
   878 | D:2      | Found an ornate altar of the Wu Jian Council.
  1391 | D:2      | Found Molus's Antique Armour Shoppe.
  1489 | D:2      | Reached XP level 4. HP: 19/24 MP: 4/7
  1558 | D:2      | Found a faded altar of an unknown god.
  1673 | D:2      | Found Ziorghy's Assorted Antiques.
  2136 | D:3      | Found a glowing drain.
  2150 | D:3      | Noticed Sigmund
  2190 | Sewer    | Entered a sewer
  2310 | Sewer    | Noticed a kobold brigand
  2313 | Sewer    | Noticed a kobold brigand
  2318 | Sewer    | Killed a kobold brigand
  2319 | Sewer    | Reached skill level 5 in Stealth
  2319 | Sewer    | Reached XP level 5. HP: 28/28 MP: 8/8
  2334 | Sewer    | Killed a kobold brigand
  2335 | Sewer    | Reached skill level 5 in Short Blades
  2335 | Sewer    | Reached XP level 6. HP: 22/32 MP: 6/9
  2737 | D:3      | Killed Sigmund
  2738 | D:3      | Reached XP level 7. HP: 36/36 MP: 10/10
  3502 | D:4      | Reached skill level 5 in Hexes
  3641 | D:4      | Demolished by an ogre

Illustrated notes

Levels and vault maps discovered:
D:1:      moated_graveyard_arrival, layout_basic
D:2:      layout_basic, basic_altar, serial_shops, shop, shop, shop_statue,
          shapermc_ecumenical_altar_mp_urbaneastern, nrook_mini_backslash
D:3:      layout_rooms, serial_undead, serial_undead_e, serial_undead_b,
          serial_undead_f, serial_undead_c, cheibrodos_sewer_entry_sluice,
          uniq_sigmund
D:4:      wander_river, layout_gridville

Skill      XL: |  1  2  3  4  5  6  7 |
---------------+----------------------+-----
Short Blades   | 2 3 4 5 6 7 |  7.6
Stealth        | 5 6 7 |  7.0
Hexes          | 4 5 |  5.0
Dodging        | |  2.4
Spellcasting   | |  2.1

Action                   |  1- 3 |  4- 6 |  7- 9 || total
-------------------------+-------+-------+-------++-------
Melee: Dagger            |    95 |    91 |    29 ||   215
       Punch             |     1 |       |       ||     1
 Cast: Ensorcelled Hiber |     1 |    12 |     8 ||    21
  Use: Potion            |     1 |     2 |       ||     3
 Stab: Sleeping          |    25 |    19 |    12 ||    56
       Invisible         |       |     3 |       ||     3
Armor: Robe              |     9 |     8 |     2 ||    19
Dodge: Dodged            |    54 |    77 |    16 ||   147

Table legend: (Time is in decaauts)
 A = Elapsed time spent in this place.
 B = Non-inter-level travel time spent in this place.
 C = Inter-level travel time spent in this place.
 D = Time resting spent in this place.
 E = Time spent auto-exploring this place.
 F = Levels seen in this place.
 G = Mean time per level.
                   A        B        C        D        E       F      G
               +--------+--------+--------+--------+--------+-----+--------+
         Total |   3636 |   3557 |     79 |     47 |   2781 |   5 |  727.2 |
       Dungeon |   3086 |   3007 |     79 |     15 |   2485 |   4 |  771.5 |
         Sewer |    549 |    549 |      0 |     32 |    295 |   1 |  549.0 |
               +--------+--------+--------+--------+--------+-----+--------+

Top non-repeatable levels by time:
     D:2: 1251 daAuts
     D:1: 765 daAuts
     D:3: 648 daAuts
   Sewer: 549 daAuts
     D:4: 421 daAuts
